 Dungeon Crawl Stone Soup version bcrawl-1.34.1 (webtiles) character file.

Game seed: 5806884742617059180

169782 Metae the Covered (level 5, -4/48 HPs)
             Began as a Minotaur Fighter on Sept 6, 2021.
             Slain by an ogre
             ... wielding a +0 giant club
              (20 damage)
             ... on level 4 of the Dungeon.
             The game lasted 00:11:34 (2692 turns).

Metae the Covered (Minotaur Fighter)                Turns: 2692, Time: 00:11:35

Health: -4/48      AC:  9    Str: 22    XL:     5   Next: 83%
Magic:  4/4        EV:  4    Int:  5    God:
Gold:   275        SH:  9    Dex:  9    Spells: 4/4 levels left

rFire    . . .     SeeInvis .   a - +0 trident
rCold    . . .     Gourm    .   c - +0 medium shield
rNeg     . . .     Faith    .   m - +0 chain mail
rPois    .         Spirit   .   (helmet restricted)
rElec    .         Reflect  .   (no cloak)
rCorr    .         Harm     .   (no gloves)
MR       .....                  (no boots)
Stlth    ..........             (no amulet)
HPRegen  0.16/turn              (no ring)
MPRegen  0.09/turn              (no ring)

@: no status effects
A: retaliatory headbutt, horns 2
a: no special abilities


You were on level 4 of the Dungeon.
You were hungry.

You visited 1 branch of the dungeon, and saw 4 of its levels.

You collected 275 gold pieces.

Inventory:

Hand Weapons
 a - a +0 trident (weapon)
 b - a +0 hunting sling of flaming
Missiles
 f - 318 sling bullets
Armour
 c - a +0 medium shield (worn)
 g - a +0 scale mail
 m - a +0 chain mail (worn)
 u - a +0 pair of gloves
Jewellery
 k - a +3 ring of dexterity {unknown}
Wands
 q - a wand of scattershot (1)
Scrolls
 h - 2 scrolls of remove curse {unknown}
 i - 2 scrolls of identify
 j - 3 scrolls of teleportation {unknown}
 l - 2 scrolls of fear {unknown}
 t - a scroll of enchant armour {unknown}
Potions
 d - a potion of might
 n - a potion of curing {unknown}
 o - 2 potions of degeneration {unknown}
 p - a potion of magic {unknown}
 r - a potion of resistance {unknown}
 s - a potion of berserk rage {unknown}
Comestibles
 e - 5 rations {!d}


   Skills:
 * Level 5.3 Fighting
 + Level 3.8 Polearms
 + Level 0.4 Slings
 * Level 5.4 Armour
 + Level 4.6 Shields


You had 4 spell levels left.
You didn't know any spells.
Your spell library was empty.

Dungeon Overview and Level Annotations

Branches:
Dungeon (4/12)
 Temple: D:4-7

Altars:
Elyvilon
Gozag
Lugonu
Qazlal
Wu Jian
Xom
Yredelemnul
Zin


Innate Abilities, Weirdness & Mutations

You reflexively headbutt those who attack you in melee.
You have a pair of horns on your head.


Message History

You hit the ogre.
The ogre is heavily wounded.
You block the ogre's attack.
You hit the ogre.
The ogre is severely wounded.
You block the ogre's attack.
Your shield prevents you from hitting the ogre.
The ogre is severely wounded.
You hit the ogre.
The ogre is severely wounded.
The ogre hits you with a +0 giant club!
* * * LOW HITPOINT WARNING * * *
You hit the ogre.
The ogre is almost dead.
The ogre barely misses you.
You are feeling hungry.
You hit the ogre.
The ogre is almost dead.
The ogre hits you with a +0 giant club!!
You die...

#....#.....##########.
#....'.#####
#....#.....#
#._..#....>#
#...######.# ##### #.#
#.# #.# #@# #O# #s#
#.# #.# #.# #.# #.#
#'#


You could see an ogre and a scorpion.

Vanquished Creatures
  A sky beast (D:2)
  A crimson imp (D:3)
  3 gnolls (D:2)
  3 worms
  A dart slug (D:2)
  2 leopard geckos (D:2)
  2 orcs
  7 bats
  6 giant cockroaches
  6 goblins
  15 hobgoblins
  8 jackals (D:2)
  2 quokkas
  3 frilled lizards
  8 kobolds
  6 rats
74 creatures vanquished.

Notes
Turn   | Place    | Note
-------+----------+-------------------------------------------
     0 | D:1      | Metae the Minotaur Fighter began the quest for the Orb.
     0 | D:1      | Reached XP level 1. HP: 19/19 MP: 0/0
   106 | D:1      | Reached XP level 2. HP: 27/27 MP: 1/1
   721 | D:2      | Reached XP level 3. HP: 33/33 MP: 2/2
   721 | D:2      | Found a corrupted altar of Lugonu.
   792 | D:2      | Found a shimmering altar of Xom.
   798 | D:2      | Found a stormy altar of Qazlal.
   799 | D:2      | Found an ornate altar of the Wu Jian Council.
  1288 | D:2      | Noticed a sky beast
  1314 | D:2      | Found a basalt altar of Yredelemnul.
  1327 | D:2      | Killed a sky beast
  1328 | D:2      | Reached skill level 5 in Armour
  1328 | D:2      | Reached XP level 4. HP: 7/41 MP: 3/3
  1328 | D:2      | Reached XP level 5. HP: 8/47 MP: 4/4
  1614 | D:2      | Reached skill level 5 in Fighting
  1726 | D:2      | Found a white marble altar of Elyvilon.
  2628 | D:4      | Found a glowing silver altar of Zin.
  2628 | D:4      | Found an opulent altar of Gozag.
  2673 | D:4      | Noticed an ogre
  2692 | D:4      | Slain by an ogre

Skill      XL: |  1  2  3  4  5 |
---------------+----------------+-----
Fighting       | 4 5 |  5.3
Armour         | 4 5 |  5.4
Shields        | 4 |  4.6
Polearms       | 3 |  3.8
Slings         | |  0.4

Action                   |  1- 3 |  4- 6 || total
-------------------------+-------+-------++-------
Melee: Trident           |   142 |    79 ||   221
       Headbutt          |    24 |    10 ||    34
       Hunting sling     |     2 |       ||     2
 Fire: Hunting sling     |     2 |     5 ||     7
  Eat: Chunk             |     2 |     7 ||     9
       Ration            |     1 |       ||     1
Armor: Scale mail        |    66 |    16 ||    82
Dodge: Dodged            |    21 |    15 ||    36
Block: Medium shield     |    64 |    36 ||   100
